 Dungeon Crawl Stone Soup version 0.27-a0-1557-g57f10a385c (webtiles) character file.

Game seed: 16606004224980601730

105 MovingMist the Unweaver (level 4, 0/35 HPs)
             Began as a Demonspawn Abyssal Knight on July 16, 2021.
             Was a Follower of Lugonu.
             Slain by an orc (4 damage)
             ... on level 3 of the Dungeon.
             The game lasted 00:04:07 (2756 turns).

MovingMist the Unweaver (Demonspawn Abyssal Knight) Turns: 2756, Time: 00:04:08

Health: 0/35       AC:  9    Str: 12    XL:     4   Next: 54%
Magic:  8/8        EV:  5    Int: 13    God:    Lugonu [*.....]
Gold:   7          SH:  0    Dex: 14    Spells: 3/3 levels left

rFire    . . .     SeeInvis .   l - +0 war axe
rCold    . . .     Faith    .   (no shield)
rNeg     . . .     Spirit   .   m - +0 chain mail
rPois    .         Reflect  .   (no helmet)
rElec    .         Harm     .   (no cloak)
rCorr    .         Rampage  .   (no gloves)
Will     .....                  d - +0 pair of boots
Stlth    ..........             (no amulet)
HPRegen  0.11/turn              (no ring)
MPRegen  0.22/turn              (no ring)

@: no status effects
A: claws 1, magic regeneration
a: Renounce Religion, Depart the Abyss


You were on level 3 of the Dungeon.
You worshipped Lugonu.
Lugonu was aware of your devotion.
You visited 1 branch of the dungeon, and saw 3 of its levels.
You visited the Abyss 1 time.

You collected 70 gold pieces.
You spent 63 gold pieces at shops.

Inventory:

Hand Weapons
 a - a +1 hand axe
 l - a +0 war axe (weapon)
Armour
 d - a +0 pair of boots (worn)
 m - a +0 chain mail (worn)
Scrolls
 c - 3 scrolls of identify {unknown}
 e - a scroll of enchant armour {unknown}
 g - a scroll of noise {unknown}
 i - a scroll of magic mapping {unknown}
 j - 2 scrolls of fog {unknown}
Potions
 b - a potion of curing {unknown}
 f - a potion of lignification {unknown}
 h - a potion of brilliance {unknown}


   Skills:
 - Level 3.0 Fighting
 - Level 1.7 Axes
 - Level 1.7 Armour
 - Level 0.8 Dodging
 + Level 6.3 Invocations


You had 3 spell levels left.
You didn't know any spells.
Your spell library contained the following spells:

 Spells                   Type           Power      Damage    Failure   Level
 Slow                     Hex            0%         N/A       100%        2
 Confusing Touch          Hex            0%         N/A       100%        3
 Passage of Golubria      Tloc           N/A        N/A       100%        4
 Silence                  Hex/Air        0%         N/A       100%        5
 Yara's Violent Unravell  Hex/Tmut       0%         3d3       100%        5
 Lehudib's Crystal Spear  Conj/Erth      0%         10d2      100%        8


Dungeon Overview and Level Annotations

Branches:
Dungeon (3/15)

Altars:

Shops:
D:3 [


Innate Abilities, Weirdness & Mutations

You have sharp fingernails.
You regenerate magic rapidly.


Message History

The puff of flame hits you but does no damage.
Ijyb hits you but does no damage.
You closely miss Ijyb. Ijyb hits you but does no damage.
You slash Ijyb!
Ijyb is heavily wounded.
Ijyb hits you but does no damage.
You hit Ijyb but do no damage.
Ijyb is heavily wounded.
Ijyb zaps a wand.
The puff of flame hits you! Ijyb hits you with a +0 dagger.
You closely miss Ijyb.
Ijyb is heavily wounded.
Ijyb barely misses you.
You closely miss Ijyb.
Ijyb is heavily wounded.
Ijyb zaps a wand.
The puff of flame hits you. Ijyb hits you but does no damage.
You hit Ijyb.
Ijyb is heavily wounded.
Ijyb hits you but does no damage.
You hit Ijyb.
Ijyb is severely wounded.
Ijyb hits you but does no damage. x2
You hit Ijyb but do no damage.
Ijyb is severely wounded.
Ijyb hits you but does no damage.
You hit Ijyb.
You kill Ijyb!
Lugonu accepts your kill.
Your Invocations skill increases to level 6!
You closely miss the orc. The orc hits you with a +0 war axe.
You closely miss the orc. The orc hits you with a +0 war axe.
The orc hits you but does no damage.
You closely miss the orc. The orc hits you with a +0 war axe.
You hit the orc but do no damage. The orc hits you with a +0 war axe.
* * * LOW HITPOINT WARNING * * *
The orc hits you with a +0 war axe.
* * * LOW HITPOINT WARNING * * *
You slash the orc!
The orc is almost dead.
The orc hits you with a +0 war axe.
You die...

#.....#####......###
#####............#
#............#
#####.......#####+
#..........o#
####..†........#
#..............#
#.##...........######
#.###..........o@...#
#.#≈#..........####.#
#.#≈#........<.†..# #
#.#≈#...#.##..#...#
#..≈....#..#...#.##.#
#..≈....#.##...[∩...#
##.≈.##.#.....##.#..#
######.#..#.##...#.#
#.####)##.#.#.#


You could see an orc.

Vanquished Creatures
  Natasha (D:3)
  Ijyb (D:3)
  An adder (D:2)
  4 ball pythons (D:1)
  7 endoplasms
  3 giant cockroaches
  2 goblins (D:2)
  5 hobgoblins
  3 jackals (D:1)
  6 kobolds
  2 quokkas (D:1)
  5 frilled lizards
  6 rats
46 creatures vanquished.

Notes
Turn   | Place    | Note
-------+----------+-------------------------------------------
     0 | Abyss:1  | MovingMist the Demonspawn Abyssal Knight began the quest
                  | for the Orb.
     0 | Abyss:1  | Reached XP level 1. HP: 18/18 MP: 2/2
    28 | D:1      | Escaped the Abyss
   257 | D:1      | Reached skill level 3 in Invocations
   453 | D:1      | Gained mutation: You have sharp fingernails. [demonic
                  | ancestry]
   453 | D:1      | Reached XP level 2. HP: 19/24 MP: 4/4
   640 | D:1      | Reached * piety under Lugonu
   715 | D:1      | Reached skill level 4 in Invocations
  1293 | D:1      | Reached XP level 3. HP: 29/29 MP: 6/6
  1614 | D:2      | Reached skill level 5 in Invocations
  2599 | D:3      | Noticed Natasha
  2600 | D:3      | Found Jiddeg's Armour Shoppe.
  2603 | D:3      | Killed Natasha
  2604 | D:3      | Gained mutation: You regenerate magic rapidly. [demonic
                  | ancestry]
  2604 | D:3      | Reached XP level 4. HP: 26/35 MP: 6/8
  2609 | D:3      | Bought a +0 chain mail for 63 gold pieces
  2728 | D:3      | Noticed Ijyb
  2751 | D:3      | Killed Ijyb
  2752 | D:3      | Reached skill level 6 in Invocations
  2756 | D:3      | Slain by an orc

Illustrated notes

Levels and vault maps discovered:
D:1:      beargit_arrival_diablo_church, layout_basic
D:2:      layout_basic, minmay_misc_feat_x
D:3:      layout_basic, serial_shops, nicolae_shop_crystal, serial_rivers,
          chequers_serial_rivers_micro_c, chequers_serial_rivers_small_a,
          chequers_serial_rivers_micro_a, chequers_serial_rivers_room_b,
          chequers_serial_rivers_micro_b, ebering_ecumenical_altar_ruins,
          uniq_ijyb, uniq_natasha

Skill      XL: |  1  2  3  4 |
---------------+-------------+-----
Invocations    | 3 4 5 6 |  6.3
Fighting       | |  3.0
Axes           | |  1.7
Armour         | |  1.7
Dodging        | |  0.8

Action                   |  1- 3 |  4- 6 || total
-------------------------+-------+-------++-------
Melee: Hand axe          |   145 |       ||   145
       War axe           |    11 |    21 ||    32
Invok: Depart the Abyss  |     1 |       ||     1
 Stab: Sleeping          |     3 |       ||     3
Armor: Leather armour    |    47 |       ||    47
       Chain mail        |       |    13 ||    13
Dodge: Dodged            |   106 |     5 ||   111

Table legend: (Time is in decaauts)
 A = Elapsed time spent in this place.
 B = Non-inter-level travel time spent in this place.
 C = Inter-level travel time spent in this place.
 D = Time resting spent in this place.
 E = Time spent auto-exploring this place.
 F = Levels seen in this place.
 G = Mean time per level.
                   A        B        C        D        E       F      G
               +--------+--------+--------+--------+--------+-----+--------+
         Total |   2799 |   2760 |     39 |    768 |   1496 |   4 |  699.8 |
       Dungeon |   2771 |   2732 |     39 |    768 |   1496 |   3 |  923.7 |
         Abyss |     28 |     28 |      0 |      0 |      0 |   1 |   28.0 |
               +--------+--------+--------+--------+--------+-----+--------+

Top non-repeatable levels by time:
     D:1: 1555 daAuts
     D:2: 1048 daAuts
     D:3: 166 daAuts
 Abyss:1: 28 daAuts
